 Dungeon Crawl Stone Soup version 0.32-a0-18-g89e19f1974 (webtiles) character file.

Game seed: 14882674188653264561

25 Sweetruy1997 the Magician (level 2, -2/20 HPs)
             Began as an Armataur Hedge Wizard on Jan 16, 2024.
             Slain by Jessica
             ... wielding a +0 dagger
              (4 damage)
             ... on level 2 of the Dungeon.
             The game lasted 00:04:00 (1254 turns).

Sweetruy1997 the Magician (Armataur Hedge Wizard)   Turns: 1254, Time: 00:04:01

Health: -2/20      AC:  4    Str: 15    XL:     2   Next: 86%
Magic:  3/5        EV:  9    Int: 12    God:
Gold:   64         SH:  0    Dex:  9    Spells: 1/7 levels left

rFire   . . .        a - +0 dagger
rCold   . . .        (no shield)
rNeg    . . .        b - +0 robe
rPois   .            c - +0 hat
rElec   .            (no cloak)
rCorr   .            (no gloves)
SInv    .            (no barding)
Will    .....        (no amulet)
Stlth   ++           (no ring)
HPRegen 0.23/turn    (no ring)
MPRegen 0.09/turn

%: roll
@: hasted, very quick
A: large, deformed body, tough skin 3, armoured tail, roll 1, horns 1, dopey 1,
low MP 1
a: no special abilities


You were on level 2 of the Dungeon.
You visited 1 branch of the dungeon, and saw 2 of its levels.

You collected 64 gold pieces.

Inventory:

Hand Weapons
 a - a +0 dagger (weapon)
Armour
 b - a +0 robe (worn)
 c - a +0 hat (worn)
Scrolls
 h - 2 scrolls of identify {unknown}
 i - a scroll of poison {unknown}
 k - a scroll of revelation {unknown}
 l - a scroll of fear {unknown}
Potions
 d - a potion of magic
 e - a potion of mutation
 g - a potion of might {unknown}
 j - a potion of heal wounds {unknown}


   Skills:
 + Level 0.1 Short Blades
 + Level 1.5 Dodging
 + Level 2.2 Stealth
 + Level 3.3 Spellcasting
 + Level 1.1 Conjurations
 + Level 0.1 Hexes
 + Level 0.7 Summonings
 + Level 1.0 Translocations


You had one spell level left.
You knew the following spells:

 Your Spells              Type           Power      Damage    Failure   Level
a - Magic Dart            Conj           16%        1d3       16%         1
b - Slow                  Hex            8%         N/A       22%         1
c - Blink                 Tloc           8%         N/A       24%         2
d - Call Imp              Summ           6%         N/A       26%         2

Your spell library contained the following spells:

 Spells                   Type           Power      Damage    Failure   Level
 Cigotuvi's Dreadful Rot  Necr/Alch/Air  4%         N/A       34%         2
 Mephitic Cloud           Conj/Alch/Air  2%         N/A       52%         3


Dungeon Overview and Level Annotations

Branches:
Dungeon (2/15)

Altars:

Annotations:
D:2 Jessica


Innate Abilities, Weirdness & Mutations

Armour fits poorly on your strangely shaped body.
You have extremely tough skin. (AC +3)
You have a long armoured tail.
You regenerate magic when rolling toward enemies. (Rampage MPRegen)
You have a pair of small horns on your head.
You are dopey. (Int -2)
Your magical capacity is low. (-10% MP)


Message History

Nothing appears to happen.
Found a scroll labelled RYTZEU ZAAKIU.
Your cerulean imp closely misses Jessica.
Jessica attacks as she pursues you! Jessica hits you with a +0 dagger.
Your cerulean imp barely misses Jessica.
Jessica hits you with a +0 dagger.
Your cerulean imp barely misses Jessica.
Jessica hits you with a +0 dagger.
You hit Jessica but do no damage. You punch Jessica, but do no damage.
Your cerulean imp closely misses Jessica.
Jessica hits you with a +0 dagger.
* * * LOW HITPOINT WARNING * * *
You hit Jessica but do no damage.
Your cerulean imp hits Jessica with a -4 spear.
Jessica hits you with a +0 dagger.
* * * LOW HITPOINT WARNING * * *
Your magical contamination has completely faded away.
It was a potion of mutation.
You feel extremely strange.
You feel less energetic.
You feel stupid. A pair of horns grows on your head!
Your cerulean imp hits Jessica but does no damage.
Jessica barely misses you.
It was a potion of haste.
You feel yourself speed up.
Your cerulean imp closely misses Jessica.
Jessica casts a spell at you.
You barely resist.
Casting: Magic Dart (safe; 16% risk of failure)
Confirm with . or Enter, or press ? or * to list all spells.
Aiming: Slow (safe; 22% risk of failure)
Press: ? - help, Shift-Dir - straight line, f/p - Jessica
Aim: Jessica, wielding a +0 dagger and wearing a +2 robe of positive energy (lightly wounded, ally target, chance to affect: 44%) Jessica seems to slow down.
Your cerulean imp hits Jessica but does no damage.
Jessica closely misses your cerulean imp.
You hit Jessica.
Jessica is heavily wounded.
Your cerulean imp completely misses Jessica.
You hit Jessica but do no damage. You headbutt Jessica, but do no damage.
Jessica is heavily wounded.
Jessica hits you with a +0 dagger.
You die...

##. .# #... .###
# #... ... ###
#.#..........
.... .#.#.# ?
#.#... .... ..
#.....##.###.##.
#...$@........
##.##@........ #.
#5#######. #.##.#
#
#.##.#######.###
###.##.#.........
#...............
#.#............#
#.#..#.#.####..#


You could see Jessica (slow, ally target) and a friendly cerulean imp
(summoned).

Vanquished Creatures
  A dart slug (D:1)
  An endoplasm (D:1)
  A giant cockroach (D:1)
  2 goblins (D:1)
  A hobgoblin (D:1)
  4 jackals (D:2)
  A quokka (D:1)
  6 ball pythons
  2 bats (D:1)
  A frilled lizard (D:1)
  A rat (D:1)
21 creatures vanquished.

Notes
Turn   | Place    | Note
-------+----------+-------------------------------------------
     0 | D:1      | Sweetruy1997 the Armataur Hedge Wizard began the quest for
                  | the Orb.
     0 | D:1      | Reached XP level 1. HP: 14/14 MP: 4/4
    45 | D:1      | Reached skill level 1 in Conjurations
   109 | D:1      | Learned a level 1 spell: Slow
   342 | D:1      | Reached skill level 3 in Spellcasting
   441 | D:1      | Reached XP level 2. HP: 20/20 MP: 6/6
  1065 | D:2      | Learned a level 2 spell: Blink
  1068 | D:2      | Learned a level 2 spell: Call Imp
  1240 | D:2      | Noticed Jessica
  1249 | D:2      | HP: 1/20 [Jessica/+0 dagger (3)]
  1250 | D:2      | Gained mutation: Your magical capacity is low. (-10% MP)
                  | [potion of mutation]
  1250 | D:2      | Gained mutation: You are dopey. (Int -2) [potion of
                  | mutation]
  1250 | D:2      | Gained mutation: You have a pair of small horns on your
                  | head. [potion of mutation]
  1254 | D:2      | Slain by Jessica

Illustrated notes

Levels and vault maps discovered:
D:1:      dpeg_arrival_stonehenge_8_columns, layout_basic, interstate_on_off,
          minivault_5
D:2:      layout_loops_ring, basic_altar, uniq_crazy_yiuf_cottage, uniq_jessica

Skill      XL: |  1 |
---------------+----+-----
Conjurations   | 1 |  1.1
Spellcasting   | 3 |  3.3
Short Blades   | |  0.1
Dodging        | |  1.5
Stealth        | |  2.2
Hexes          | |  0.1
Summonings     | |  0.7
Translocations | |  1.0

Action                     || total
---------------------------++-------
  Melee: Dagger            ||    56
         Tailslap          ||     5
         Punch             ||     2
         Headbutt          ||     1
   Cast: Magic Dart        ||    41
         Slow              ||     3
         Call Imp          ||     1
    Use: Potion            ||     2
 Armour: Robe              ||    48
  Dodge: Dodged            ||    20

Table legend: (Time is in decaauts)
 A = Elapsed time spent in this place.
 B = Non-inter-level travel time spent in this place.
 C = Inter-level travel time spent in this place.
 D = Time resting spent in this place.
 E = Time spent auto-exploring this place.
 F = Levels seen in this place.
 G = Mean time per level.
                   A        B        C        D        E       F      G
               +--------+--------+--------+--------+--------+-----+--------+
         Total |   1252 |   1242 |     10 |     31 |   1042 |   2 |  626.0 |
       Dungeon |   1252 |   1242 |     10 |     31 |   1042 |   2 |  626.0 |
               +--------+--------+--------+--------+--------+-----+--------+

Top non-repeatable levels by time:
     D:1: 1041 daAuts
     D:2: 211 daAuts
